NPBL
UTAH SCORPIONS @ ILLINOIS JETHAWKS
06/16/2098
 
TOP OF THE 1ST
Utah Scorpions batting - Pitching for Illinois Jethawks : RHP Fernando Gómez
Pitching: RHP Fernando Gómez
Batting: RHB Mason Horton 0-0: Ball
1-0: Bunt missed!
1-1: Ball
2-1: SOLO HOME RUN (Line Drive, 7D, EV 96.3 MPH), Distance : 374 ft
Batting: RHB Pedro Rodríguez 0-0: Ball
1-0: Ball
2-0: Swinging Strike
2-1: Fly out, F3 (Popup, 3SF, EV 89.4 MPH)
Batting: SHB Germano Aniceto 0-0: Ball
1-0: Ball
2-0: Ball
3-0: Called Strike
3-1: Swinging Strike
3-2: Strikes out looking
Batting: LHB Martin Elder 0-0: Foul Ball, location: 2F
0-1: Ball
1-1: Called Strike
1-2: Foul Ball, location: 2F
1-2: Ground out 3-1 (Groundball, 34, EV 100.6 MPH)
Top of the 1st over - 1 run, 1 hit, 0 errors, 0 left on base; Utah 1 - Illinois 0
BOTTOM OF THE 1ST
Illinois Jethawks batting - Pitching for Utah Scorpions : RHP Juan Castro
Pitching: RHP Juan Castro
Batting: LHB Tim Clark 0-0: Called Strike
0-1: Swinging Strike
0-2: Foul Ball, location: 2F
0-2: Ball
1-2: Fly out, F7 (Flyball, 7, EV 76.3 MPH)
Batting: RHB Jan Dooks 0-0: Ball
1-0: Ball
2-0: Foul Ball, location: 7LMFF
2-1: Ground out 6-3 (Groundball, 6, EV 88.1 MPH)
Batting: RHB Luis López 0-0: Foul Ball, location: 5F
0-1: Foul Ball, location: 2F
0-2: Foul Ball, location: 2F
0-2: Ball
1-2: SINGLE (Line Drive, 8LS, EV 106.3 MPH)
Batting: RHB Ercole Mancina 0-0: Called Strike
Luis López steals 2nd base
0-1: Ball
1-1: Ground out 6-3 (Groundball, 6, EV 98.1 MPH)
Bottom of the 1st over - 0 runs, 1 hit, 0 errors, 1 left on base; Utah 1 - Illinois 0
TOP OF THE 2ND
Utah Scorpions batting - Pitching for Illinois Jethawks : RHP Fernando Gómez
Batting: SHB Felipe Ochoa 0-0: Foul Ball, location: 2F
0-1: Called Strike
0-2: Ball
1-2: Foul Ball, location: 5SF
1-2: Ball
2-2: Foul Ball, location: 7LMF
2-2: Strikes out swinging
Batting: LHB Claudio Martínez 0-0: Foul Ball, location: 7LSF
0-1: Swinging Strike
0-2: Ball
1-2: Ball
2-2: Fly out, F7 (Flyball, 7, EV 91.3 MPH)
Batting: RHB Anthony Smith 0-0: Foul Ball, location: 5FF
0-1: Ball
1-1: Ball
2-1: Swinging Strike
2-2: Ball
3-2: Strikes out swinging
Top of the 2nd over - 0 runs, 0 hits, 0 errors, 0 left on base; Utah 1 - Illinois 0
BOTTOM OF THE 2ND
Illinois Jethawks batting - Pitching for Utah Scorpions : RHP Juan Castro
Batting: LHB Kade Murphy 0-0: Ball
1-0: Called Strike
1-1: Ground out U3 (Groundball, 3, EV 92.5 MPH)
Batting: RHB Rob Drake 0-0: Fly out, F9 (Flyball, 89D, EV 108.1 MPH)
Batting: RHB Juan Méndez 0-0: Fly out, F8 (Line Drive, 8LD, EV 103.8 MPH)
Bottom of the 2nd over - 0 runs, 0 hits, 0 errors, 0 left on base; Utah 1 - Illinois 0
TOP OF THE 3RD
Utah Scorpions batting - Pitching for Illinois Jethawks : RHP Fernando Gómez
Batting: LHB Don Tomlinson 0-0: Ball
1-0: Ball
2-0: SINGLE (Flyball, 7S, EV 93.8 MPH)
Batting: RHB Juan Castro 0-0: Bunt - Flyout to 13S! F1
Batting: RHB Mason Horton 0-0: Swinging Strike
0-1: Ball
1-1: Ball
2-1: SINGLE (Flyball, 7LS, EV 105.0 MPH)
Don Tomlinson to second
Batting: RHB Pedro Rodríguez 0-0: Ball
1-0: Called Strike
1-1: Ball
2-1: Swinging Strike
2-2: Foul Ball, location: 2F
2-2: Strikes out swinging
Batting: SHB Germano Aniceto 0-0: Foul Ball, location: 3F
0-1: Ball
1-1: Foul Ball, location: 5SF
1-2: Ball
2-2: Ball
3-2: Fly out, F9 (Flyball, 9, EV 91.9 MPH)
Top of the 3rd over - 0 runs, 2 hits, 0 errors, 2 left on base; Utah 1 - Illinois 0
BOTTOM OF THE 3RD
Illinois Jethawks batting - Pitching for Utah Scorpions : RHP Juan Castro
Batting: LHB Giustiniano Belmon 0-0: Ball
1-0: DOUBLE (Line Drive, 7LM, EV 98.8 MPH)
Batting: RHB Fernando Gómez 0-0: Called Strike
0-1: Swinging Strike
0-2: Ball
1-2: Foul Ball, location: 2F
1-2: Ball
2-2: Foul Ball, location: 2F
2-2: Strikes out swinging
Batting: LHB Tim Clark 0-0: Ball
1-0: Called Strike
1-1: Ball
2-1: Fly out, F7 (Flyball, 7S, EV 96.9 MPH)
Batting: RHB Jan Dooks 0-0: DOUBLE (Groundball, 3L, EV 108.8 MPH)
Giustiniano Belmon scores
Batting: RHB Luis López 0-0: Foul Ball, location: 2F
0-1: Called Strike
0-2: Ball
1-2: Foul Ball, location: 7LDF
1-2: Strikes out swinging
Bottom of the 3rd over - 1 run, 2 hits, 0 errors, 1 left on base; Utah 1 - Illinois 1
TOP OF THE 4TH
Utah Scorpions batting - Pitching for Illinois Jethawks : RHP Fernando Gómez
Batting: LHB Martin Elder 0-0: Ball
1-0: Ball
2-0: Ball
3-0: Base on Balls
Batting: SHB Felipe Ochoa 0-0: SINGLE (Line Drive, 89S, EV 89.4 MPH)
Martin Elder to second
Batting: LHB Claudio Martínez 0-0: Swinging Strike
0-1: 3-RUN HOME RUN (Flyball, 9LD, EV 95.0 MPH), Distance : 354 ft
Batting: RHB Anthony Smith 0-0: Ball
1-0: DOUBLE (Line Drive, 7LM, EV 102.5 MPH)
Batting: LHB Don Tomlinson 0-0: Called Strike
0-1: Ball
1-1: Called Strike
1-2: Ball
2-2: Strikes out looking
Batting: RHB Juan Castro 0-0: Ball
1-0: Ball
2-0: Called Strike
2-1: Ball
3-1: Ground out 5-3 (Groundball, 56, EV 84.4 MPH)
Batting: RHB Mason Horton 0-0: Swinging Strike
0-1: Foul Ball, location: 7LMF
0-2: Ball
1-2: Ground out 6-3 (Groundball, 6, EV 107.5 MPH)
Top of the 4th over - 3 runs, 3 hits, 0 errors, 1 left on base; Utah 4 - Illinois 1
BOTTOM OF THE 4TH
Illinois Jethawks batting - Pitching for Utah Scorpions : RHP Juan Castro
Batting: RHB Ercole Mancina 0-0: Called Strike
0-1: Ball
1-1: Ball
2-1: Fly out, F9 (Flyball, 9S, EV 85.6 MPH)
Batting: LHB Kade Murphy 0-0: Called Strike
0-1: Swinging Strike
0-2: Ball
1-2: Strikes out swinging
Batting: RHB Rob Drake 0-0: Ball
1-0: Ball
2-0: Ground out 5-3 (Groundball, 56, EV 86.9 MPH)
Bottom of the 4th over - 0 runs, 0 hits, 0 errors, 0 left on base; Utah 4 - Illinois 1
TOP OF THE 5TH
Utah Scorpions batting - Pitching for Illinois Jethawks : RHP Fernando Gómez
Batting: RHB Pedro Rodríguez 0-0: Called Strike
0-1: Ball
1-1: Foul Ball, location: 3F
1-2: Ball
2-2: Ball
3-2: Fly out, F4 (Popup, 34, EV 57.5 MPH)
Batting: SHB Germano Aniceto 0-0: Foul Ball, location: 7LMF
0-1: SINGLE (Groundball, 34D, EV 102.5 MPH)
Batting: LHB Martin Elder 0-0: Swinging Strike
0-1: Ball
1-1: Called Strike
1-2: Foul Ball, location: 9LSF
1-2: Fly out, F5 (Line Drive, 5, EV 70.0 MPH)
Batting: SHB Felipe Ochoa 0-0: Ball
1-0: Called Strike
1-1: Fielders Choice at 2nd, U6 (Groundball, 4, EV 76.9 MPH)
Top of the 5th over - 0 runs, 1 hit, 0 errors, 1 left on base; Utah 4 - Illinois 1
BOTTOM OF THE 5TH
Illinois Jethawks batting - Pitching for Utah Scorpions : RHP Juan Castro
Batting: RHB Juan Méndez 0-0: Ground out 6-3 (Groundball, 56, EV 68.8 MPH)
Batting: LHB Giustiniano Belmon 0-0: Called Strike
0-1: Ball
1-1: Called Strike
1-2: Ground out 6-3 (Groundball, 6M, EV 88.1 MPH)
Pinch Hitting: LHB Jeff McCrocken 0-0: Called Strike
0-1: Ball
1-1: Fly out, F8 (Flyball, 8RM, EV 82.5 MPH)
Bottom of the 5th over - 0 runs, 0 hits, 0 errors, 0 left on base; Utah 4 - Illinois 1
TOP OF THE 6TH
Utah Scorpions batting - Pitching for Illinois Jethawks : RHP Fernando Gómez
Pitching: RHP Martín Estrada
Batting: LHB Claudio Martínez 0-0: Ball
1-0: Called Strike
1-1: Foul Ball, location: 7LSF
1-2: Ball
2-2: Strikes out swinging
Batting: RHB Anthony Smith 0-0: Ball
1-0: Ball
2-0: Called Strike
2-1: Foul Ball, location: 2F
2-2: Ball
3-2: Strikes out looking
Batting: LHB Don Tomlinson 0-0: Foul Ball, location: 7LSF
0-1: Swinging Strike
0-2: Strikes out swinging
Top of the 6th over - 0 runs, 0 hits, 0 errors, 0 left on base; Utah 4 - Illinois 1
BOTTOM OF THE 6TH
Illinois Jethawks batting - Pitching for Utah Scorpions : RHP Juan Castro
Batting: LHB Tim Clark 0-0: Ball
1-0: Ball
2-0: Ball
3-0: Called Strike
3-1: Foul Ball, location: 5DF
3-2: Strikes out swinging
Batting: RHB Jan Dooks 0-0: Swinging Strike
0-1: Swinging Strike
0-2: Ball
1-2: SOLO HOME RUN (Line Drive, 7D, EV 98.1 MPH), Distance : 395 ft
Batting: RHB Luis López 0-0: SINGLE (Line Drive, 7S, EV 98.8 MPH)
Batting: RHB Ercole Mancina 0-0: Called Strike
Luis López steals 2nd base
0-1: Ball
1-1: Foul Ball, location: 9LSF
1-2: Ball
2-2: Ball
3-2: Foul Ball, location: 3SF
3-2: Base on Balls
Batting: LHB Kade Murphy 0-0: Fly out, F7 (Flyball, 7S, EV 94.4 MPH)
Batting: RHB Rob Drake 0-0: SINGLE (Groundball, 6MD, EV 106.3 MPH)
Luis López to third
Ercole Mancina to second
Batting: RHB Juan Méndez 0-0: Called Strike
0-1: SINGLE (Groundball, 6MD, EV 100.0 MPH)
Luis López scores
Ercole Mancina to third
Rob Drake to second
Runner from 3rd tries for Home, SAFE, throw by CF to home
Batting: LHB Giustiniano Belmon 0-0: Fly out, F8 (Flyball, 8LM, EV 100.6 MPH)
Bottom of the 6th over - 3 runs, 4 hits, 0 errors, 2 left on base; Utah 4 - Illinois 4
TOP OF THE 7TH
Utah Scorpions batting - Pitching for Illinois Jethawks : RHP Martín Estrada
Batting: RHB Juan Castro 0-0: Foul Ball, location: 2F
0-1: Ball
1-1: Foul Ball, location: 2F
1-2: Strikes out swinging
Batting: RHB Mason Horton 0-0: Called Strike
0-1: Fly out, F6 (Line Drive, 6, EV 75.6 MPH)
Batting: RHB Pedro Rodríguez 0-0: Ball
1-0: Foul Ball, location: 2F
1-1: SOLO HOME RUN (Flyball, 9LD, EV 94.4 MPH), Distance : 371 ft
Batting: SHB Germano Aniceto 0-0: Called Strike
0-1: Ball
1-1: Foul Ball, location: 5FF
1-2: Strikes out swinging
Top of the 7th over - 1 run, 1 hit, 0 errors, 0 left on base; Utah 5 - Illinois 4
BOTTOM OF THE 7TH
Illinois Jethawks batting - Pitching for Utah Scorpions : RHP Juan Castro
Pinch Hitting: RHB Henry Henson 0-0: Foul Ball, location: 23F
0-1: Called Strike
0-2: Strikes out swinging
Batting: LHB Tim Clark 0-0: Called Strike
0-1: Foul Ball, location: 7LMF
0-2: Ball
1-2: Ground out 4-3 (Groundball, 4, EV 86.9 MPH)
Batting: RHB Jan Dooks 0-0: Ball
1-0: Ball
2-0: Called Strike
2-1: Foul Ball, location: 2F
2-2: Fly out, F7 (Flyball, 7, EV 89.4 MPH)
Bottom of the 7th over - 0 runs, 0 hits, 0 errors, 0 left on base; Utah 5 - Illinois 4
TOP OF THE 8TH
Utah Scorpions batting - Pitching for Illinois Jethawks : RHP Martín Estrada
Pitching: LHP Wiley Thomason
Batting: LHB Martin Elder 0-0: Ball
1-0: Swinging Strike
1-1: Ground out U3 (Groundball, 34, EV 78.1 MPH)
Batting: SHB Felipe Ochoa 0-0: Called Strike
0-1: Ball
1-1: Foul Ball, location: 2F
1-2: Ground out 2-3 (Groundball, 15S, EV 76.9 MPH)
Batting: LHB Claudio Martínez 0-0: Swinging Strike
0-1: Ball
1-1: Ground out 6-3 (Groundball, 4MS, EV 93.1 MPH)
Top of the 8th over - 0 runs, 0 hits, 0 errors, 0 left on base; Utah 5 - Illinois 4
BOTTOM OF THE 8TH
Illinois Jethawks batting - Pitching for Utah Scorpions : RHP Juan Castro
Now at 1B: George Blankenship
Now at 3B: Jim Graham
Now in LF: Travis Turner
Batting: RHB Luis López 0-0: SINGLE (Groundball, 13S, EV 71.9 MPH) (infield hit)
Batting: RHB Ercole Mancina 0-0: SINGLE (Groundball, 6D, EV 102.5 MPH)
Luis López to second
Runner from 2nd tries for 3rd, SAFE, throw by CF made to third
Batting: LHB Kade Murphy 0-0: Ground out 4-3 (Groundball, 4, EV 83.8 MPH)
Luis López scores
Ercole Mancina to second
Batting: RHB Rob Drake 0-0: Intentional Walk
Pitching: RHP Júlio Benavidez
Batting: RHB Juan Méndez 0-0: SINGLE (Groundball, 56, EV 101.9 MPH)
Ercole Mancina to third
Rob Drake to second
Runner from 3rd tries for Home, SAFE, throw by LF to home
Batting: LHB Giustiniano Belmon 0-0: Called Strike
0-1: Foul Ball, location: 7LMF
0-2: Foul Ball, location: 7LDF
0-2: Ball
1-2: Ball
2-2: Foul Ball, location: 7LMF
2-2: Strikes out swinging
Pinch Hitting: LHB Ramiro Canseco 0-0: Called Strike
0-1: Fly out, F8 (Flyball, 89D, EV 96.3 MPH)
Bottom of the 8th over - 2 runs, 3 hits, 0 errors, 2 left on base; Utah 5 - Illinois 6
TOP OF THE 9TH
Utah Scorpions batting - Pitching for Illinois Jethawks : LHP Wiley Thomason
Pitching: RHP Juan Domingo
Batting: RHB Anthony Smith 0-0: Foul Ball, location: 7LDF
0-1: Ball
1-1: Called Strike
1-2: Strikes out looking
Batting: LHB Don Tomlinson 0-0: Foul Ball, location: 25FF
0-1: Swinging Strike
0-2: Ball
1-2: Ball
2-2: Strikes out swinging
Pinch Hitting: RHB Roberto González 0-0: Ball
1-0: Ball
2-0: Fly out, F9 (Line Drive, 9, EV 109.4 MPH)
Top of the 9th over - 0 runs, 0 hits, 0 errors, 0 left on base; Utah 5 - Illinois 6
Saturday, May 11th , 2024 - OOTP Baseball 24.6 Build 69